 Dungeon Crawl Stone Soup version 0.30-a0-222-ge547ba4400 (webtiles) character file.

Game seed: 15312624929366171918

96 sleeves the Slasher (level 4, -3/33 HPs)
             Began as a Demonspawn Gladiator on Oct 8, 2022.
             Slain by a gnoll
             ... wielding a +0 flail
              (7 damage)
             ... on level 3 of the Dungeon.
             The game lasted 00:01:13 (1416 turns).

sleeves the Slasher (Demonspawn Gladiator)          Turns: 1416, Time: 00:01:13

Health: -3/33      AC:  7    Str: 17    XL:     4   Next: 41%
Magic:  4/4        EV: 12    Int:  9    God:
Gold:   133        SH:  3    Dex: 14    Spells: 3/3 levels left

rFire   + . .      SeeInvis .    j - +5 long sword of Twisting Sudden Death {venom, rF+ rC- rCorr}
rCold   x . .      Faith    .    h - +0 buckler
rNeg    . . .      Spirit   .    b - +0 leather armour
rPois   .          Reflect  .    c - +0 helmet
rElec   .          Harm     .    m - +1 cloak
rCorr   +          Rampage  .    (no gloves)
Will    .....                    g - +0 pair of boots
Stlth   +.........               (no amulet)
HPRegen 0.25/turn                (no ring)
MPRegen 0.09/turn                (no ring)

@: no status effects
A: sturdy frame 1
a: no special abilities


You were on level 3 of the Dungeon.
You visited 1 branch of the dungeon, and saw 3 of its levels.

You collected 133 gold pieces.

Inventory:

Hand Weapons
 a - a +0 long sword
 j - the +5 long sword of Twisting Sudden Death (weapon) {venom, rF+ rC- rCorr}
   (You found it on level 2 of the Dungeon)

   It poisons the flesh of those it strikes.
   rF:        It protects you from fire.
   rC:        It makes you vulnerable to cold.
   rCorr:     It protects you from acid and corrosion.
Missiles
 d - 3 throwing nets (quivered)
 e - a javelin
Armour
 b - a +0 leather armour (worn)
 c - a +0 helmet (worn)
 g - a +0 pair of boots (worn)
   (You found it on level 1 of the Dungeon)
 h - a +0 buckler (worn)
   (You found it on level 1 of the Dungeon)
 m - a +1 cloak (worn)
   (You took it off Crazy Yiuf on level 2 of the Dungeon)
Scrolls
 f - 2 scrolls of silence {unknown}
 l - a scroll of identify {unknown}
Potions
 i - 2 potions of curing {unknown}
 k - a potion of berserk rage {unknown}


   Skills:
 - Level 2.0 Fighting
 + Level 4.8 Long Blades
 - Level 1.7 Throwing
 - Level 2.6 Dodging


You had 3 spell levels left.
You didn't know any spells.
Your spell library was empty.

Dungeon Overview and Level Annotations

Branches:
Dungeon (3/15)

Altars:

Shops:
D:3 ?


Innate Abilities, Weirdness & Mutations

Your movements are slightly less encumbered by armour. (ER -2)


Message History

Welcome, sleeves the Demonspawn Gladiator.
Are you destined to find the majestic Orb of Zot, or to die trying?
Press ? for a list of commands and other information.
Found a staircase leading out of the dungeon.
You open the door.
There is an open door here.
A kobold and a frilled lizard come into view.
Found an escape hatch in the floor.
The kobold shouts!
The frilled lizard hisses angrily.
There are monsters nearby!
There are monsters nearby!
There are monsters nearby!
You closely miss the frilled lizard.
The frilled lizard bites you but does no damage.
A goblin comes into view. It is wielding a +0 dagger.
You slash the frilled lizard!
You kill the frilled lizard!
The kobold hits you but does no damage.
You closely miss the kobold. The kobold hits you with a +0 whip.
You hit the kobold.
The kobold is moderately wounded.
The kobold hits you with a +0 whip. The kobold hits you but does no damage.
You barely miss the kobold.
The kobold is moderately wounded.
The kobold barely misses you.
You slash the kobold!
You kill the kobold!
You hit the goblin.
The goblin is heavily wounded.
The goblin hits you but does no damage. The goblin completely misses you.
You hit the goblin.
You kill the goblin!
No target in view!
HP restored.
A ball python comes into view.
The ball python hisses angrily.
A ball python is nearby!
A ball python is nearby!
An endoplasm comes into view.
The endoplasm quivers.
You hit the ball python.
The ball python is heavily wounded.
The ball python closely misses you. The ball python grabs you.
The ball python constricts you.
You hit the ball python.
You kill the ball python!
The endoplasm jiggles.
Your Long Blades skill increases to level 3!
You see here a ball python corpse.
The endoplasm freezes you.
You are frozen.
You hit the endoplasm.
You kill the endoplasm!
No target in view!
No target in view!
No target in view!
Found a stone staircase leading down.
Found 5 stones.
No target in view!
No target in view!
No target in view!
No target in view!
No target in view!
No target in view!
No target in view!
No target in view!
You see here 5 stones.
Found a buckler.
f - a scroll labelled YNI BICOHIAPOV A hobgoblin comes into view.
You see here 18 gold pieces.
A dart slug comes into view.
Found a pair of boots.
The hobgoblin shouts!
A bat comes into view.
You barely miss the hobgoblin.
The hobgoblin hits you but does no damage.
You slash the hobgoblin!
You kill the hobgoblin!
The bat barely misses you. The bat closely misses you.
The dart slug barely misses you.
You slash the bat!
You kill the bat!
The dart slug misses you.
You have reached level 2!
Your demonic ancestry asserts itself...
You feel less encumbered by your armour.
You hit the dart slug.
The dart slug is heavily wounded.
The dart slug launches a dart at you. The slug dart misses you.
You slash the dart slug!
You kill the dart slug!
No target in view!
g - a +0 pair of boots You start putting on your armour.
You continue putting on your +0 pair of boots. x4
You finish putting on your +0 pair of boots.
You now have 18 gold pieces.
You open the door.
There is an open door here.
You open the door.
There is an open door here.
You open the door.
You see here 5 stones.
A hobgoblin comes into view.
Found 14 gold pieces.
The hobgoblin shouts!
A hobgoblin is nearby!
A hobgoblin is nearby!
A hobgoblin is nearby!
There is a stone staircase leading down here.
The hobgoblin hits you.
You closely miss the hobgoblin. The hobgoblin closely misses you.
You closely miss the hobgoblin. The hobgoblin closely misses you.
You barely miss the hobgoblin. The hobgoblin hits you.
The hobgoblin hits you but does no damage.
You hit the hobgoblin but do no damage. The hobgoblin hits you.
You closely miss the hobgoblin. The hobgoblin closely misses you.
You barely miss the hobgoblin. The hobgoblin misses you.
You hit the hobgoblin.
The hobgoblin is moderately wounded.
The hobgoblin hits you but does no damage.
The hobgoblin barely misses you.
You hit the hobgoblin.
The hobgoblin is heavily wounded.
The hobgoblin hits you but does no damage.
A hobgoblin is nearby!
A hobgoblin is nearby!
A hobgoblin is nearby!
You barely miss the hobgoblin.
The hobgoblin is heavily wounded.
The hobgoblin hits you.
You barely miss the hobgoblin.
The hobgoblin is heavily wounded.
The hobgoblin hits you but does no damage.
You barely miss the hobgoblin. Your punch misses the hobgoblin.
The hobgoblin is heavily wounded.
The hobgoblin hits you but does no damage.
You slash the hobgoblin!
You kill the hobgoblin!
No target in view!
No target in view!
No target in view!
No target in view!
You now have 32 gold pieces (gained 14).
A jackal comes into view.
The jackal barks!
You hear a bark!
A jackal is nearby!
A jackal is nearby!
A jackal comes into view.
The jackal barks!
You hit the jackal.
You kill the jackal!
No target in view!
No target in view!
No target in view!
No target in view!
No target in view!
No target in view!
No target in view!
No target in view!
A jackal is nearby!
The jackal barely misses you.
You barely miss the jackal.
The jackal bites you but does no damage. x2
You miss the jackal. The jackal misses you. The jackal bites you.
You miss the jackal. The jackal closely misses you.
The jackal barely misses you.
You hit the jackal but do no damage. The jackal closely misses you.
You hit the jackal but do no damage. The jackal misses you.
The jackal closely misses you.
You hit the jackal.
The jackal is almost dead.
The jackal bites you but does no damage.
The jackal closely misses you.
You hit the jackal.
You kill the jackal!
No target in view!
You see here a jackal corpse.
Found a faded altar of an unknown god.
A ball python comes into view.
A ball python is nearby!
The ball python hisses angrily.
The ball python closely misses you. The ball python grabs you.
The ball python constricts you.
You hit the ball python.
You kill the ball python!
No target in view!
No target in view!
No target in view!
No target in view!
No target in view!
No target in view!
No target in view!
No target in view!
You now have 42 gold pieces (gained 10).
Found a stone staircase leading down.
You now have 52 gold pieces (gained 10).
Found a short sword.
You now have 58 gold pieces (gained 6).
A giant cockroach comes into view.
You see here a +0 short sword.
You barely miss the giant cockroach. The giant cockroach misses you.
The giant cockroach closely misses you.
You hit the giant cockroach.
The giant cockroach is almost dead.
The giant cockroach closely misses you.
You hit the giant cockroach.
You kill the giant cockroach!
No target in view!
No target in view!
You see here a giant cockroach corpse.
You see here a giant cockroach corpse.
Found a stone staircase leading down.
There is a stone staircase leading down here.
You see here a +2 pair of boots.
Search for what [? for help]? shie You see here a +0 buckler.
h - a +0 buckler Unknown command.
Unknown command.
Done exploring.
Done exploring.
Done exploring.
Done exploring.
No target in view!
No target in view!
No target in view!
No target in view!
No target in view!
No target in view!
No target in view!
You start putting on your armour.
You continue putting on your +0 buckler. x4
You finish putting on your +0 buckler.
Done exploring.
There is a faded altar of an unknown god here.
This altar belongs to (a) Uskayaw, (b) Kikubaaqudgha or (c) Trog, but you can't tell which.
Press the corresponding letter to learn more about a god, or press enter to convert or escape to cancel.
Okay, then.
Unknown command.
Press < or > to pray at altars.
Unknown command.
Press < or > to pray at altars.
Done exploring.
Done exploring.
(D) Dungeon
Where to? (Enter - D:1 @ (x,y), ? - help)
There is a stone staircase leading down here.
You climb downwards.
Found a scroll labelled YNI BICOHIAPOV.
Found an escape hatch in the floor.
Found a stone staircase leading down.
There is a stone staircase leading up here.
Unknown command.
There is a stone staircase leading down here.
f - 2 scrolls labelled YNI BICOHIAPOV (gained 1)
i - 2 metallic ruby potions A kobold comes into view.
It is wielding a +0 dagger.
A kobold is nearby!
The kobold shouts!
You block the kobold's attack.
An endoplasm comes into view.
You barely miss the kobold. The kobold completely misses you.
You barely miss the kobold. The kobold hits you but does no damage.
You barely miss the kobold. The kobold hits you but does no damage.
You hit the kobold.
You kill the kobold!
You block the endoplasm's attack.
Things that are here:
a +0 dagger; 2 stones You hit the endoplasm.
You kill the endoplasm!
A dart slug comes into view.
Found 8 gold pieces and a club.
A dart slug is nearby!
A dart slug is nearby!
A bat comes into view.
Found 8 stones.
A kobold comes into view. It is wielding a +0 short sword.
The dart slug launches a dart at you. The slug dart misses you.
A goblin comes into view. It is wielding a +0 club.
Found an escape hatch in the ceiling.
The goblin shouts!
You slash the dart slug!
The dart slug is severely wounded.
The bat barely misses you. The dart slug barely misses you.
You slash the dart slug!
You kill the dart slug!
The bat hits you but does no damage.
You barely miss the bat. The bat hits you but does no damage.
A rat comes into view.
The kobold hits you but does no damage.
You closely miss the bat. The bat misses you.
The goblin hits you with a +0 club. The bat closely misses you.
The kobold hits you but does no damage.
An endoplasm comes into view.
The endoplasm quivers.
You hit the bat.
You kill the bat!
The goblin closely misses you.
The kobold hits you with a +0 short sword.
You hit the goblin.
You kill the goblin!
The kobold hits you with a +0 short sword.
The endoplasm jiggles.
The kobold hits you with a +0 short sword.
You hit the kobold but do no damage. The kobold barely misses you.
There are monsters nearby!
There are monsters nearby!
You slash the kobold!
You kill the kobold!
You closely miss the rat. You block the rat's attack.
You slash the endoplasm!
You kill the endoplasm!
The rat closely misses you. x2
You slash the rat!
You kill the rat!
No target in view!
No target in view!
No target in view!
No target in view!
No target in view!
No target in view!
No target in view!
No target in view!
No target in view!
No target in view!
No target in view!
HP restored.
You now have 66 gold pieces (gained 8).
You see here a bat corpse.
You now have 77 gold pieces (gained 11).
A rat comes into view.
The rat moves out of view.
Found a dagger.
A rat is nearby!
The rat completely misses you.
You barely miss the rat. You block the rat's attack.
You hit the rat.
You kill the rat!
You have reached level 3!
Your experience leads to an increase in your attributes!
Increase (S)trength, (I)ntelligence, or (D)exterity?
You feel stronger. x2
You now have 96 gold pieces (gained 19).
Found a stone staircase leading down.
There is a stone staircase leading down here.
Found a stone staircase leading up.
You now have 105 gold pieces (gained 9).
A hobgoblin comes into view.
A hobgoblin is nearby!
Found a falchion.
The hobgoblin shouts!
The hobgoblin barely misses you.
You closely miss the hobgoblin. The hobgoblin barely misses you.
You slash the hobgoblin!
You kill the hobgoblin!
No target in view!
No target in view!
No target in view!
No target in view!
A bat comes into view.
A bat is nearby!
A bat is nearby!
Found 5 stones.
The bat hits you but does no damage.
You barely miss the bat. The bat hits you but does no damage.
You completely miss the bat. The bat hits you but does no damage.
Found 8 gold pieces.
The bat hits you but does no damage.
You miss the bat. The bat closely misses you.
The bat hits you but does no damage.
You hit the bat.
You kill the bat!
No target in view!
No target in view!
No target in view!
No target in view!
You see here a bat corpse.
You now have 113 gold pieces (gained 8).
You see here 5 stones.
You see here the +5 long sword of Twisting Sudden Death {venom, rF+ rC- rCorr}.
Found a stone staircase leading down.
There is a stone staircase leading down here.
Found a hammer.
Found a runed translucent door.
No target in view!
No target in view!
No target in view!
No target in view!
No target in view!
No target in view!
No target in view!
No target in view!
No target in view!
No target in view!
Unknown command.
Search for what [Enter for "shie", or ? for help]? long
There is a stone staircase leading down here.
You see here the +5 long sword of Twisting Sudden Death {venom, rF+ rC- rCorr}.
j - the +5 long sword of Twisting Sudden Death {venom, rF+ rC- rCorr} The +5 long sword of Twisting Sudden Death {venom, rF+ rC- rCorr} begins to drip with poison!
j - the +5 long sword of Twisting Sudden Death (weapon)
{venom, rF+ rC- rCorr} You see here a +0 falchion.
There is a stone staircase leading up here.
A kobold comes into view. It is wielding a +0 short sword.
A kobold is nearby!
A kobold is nearby!
The kobold shouts!
You hit the kobold.
The kobold is moderately wounded.
The kobold misses you. You block the kobold's attack.
You slash the kobold!
You kill the kobold!
No target in view!
No target in view!
No target in view!
No target in view!
No target in view!
Things that are here:
a +0 short sword; 4 stones; a kobold corpse An endoplasm comes into view.
An endoplasm is nearby!
An endoplasm is nearby!
An endoplasm is nearby!
A ball python comes into view.
The endoplasm quivers.
The ball python hisses angrily.
You see here 16 gold pieces.
A worm comes into view.
You slash the endoplasm!
You kill the endoplasm!
You barely miss the ball python. The ball python misses you.
The ball python grabs you. The ball python constricts you.
The ball python bites you but does no damage.
The ball python constricts you.
You slash the ball python!
You kill the ball python!
You see here a ball python corpse.
You hit the worm but do no damage.
The worm is poisoned.
The worm bites you.
You slash the worm!
The worm looks as sick as possible!
The worm is severely wounded.
The worm bites you!
You are too injured to fight recklessly!
A worm is nearby!
A worm is nearby!
A worm is nearby!
You are too injured to fight recklessly!
You are too injured to fight recklessly!
You slash the worm!
You kill the worm!
Your Long Blades skill increases to level 4!
You now have 129 gold pieces (gained 16).
You see here a ball python corpse.
You see here a worm corpse.
Found a ring mail.
k - a murky golden potion You see here a +0 ring mail.
Found 3 stones.
You see here 3 stones.
You see here 3 stones.
An adder comes into view.
An adder is nearby!
The adder hisses angrily.
The adder bites you.
You hit the adder.
The adder is heavily wounded.
The adder barely misses you.
You closely miss the adder.
The adder is heavily wounded.
You block the adder's attack. The adder misses you.
You hit the adder.
The adder is poisoned.
The adder is severely wounded.
You kill the adder!
No target in view!
No target in view!
No target in view!
No target in view!
No target in view!
You see here an adder corpse.
A hobgoblin comes into view.
The hobgoblin shouts!
A hobgoblin is nearby!
A goblin comes into view. It is wielding a +0 dagger.
The hobgoblin hits you but does no damage.
You barely miss the hobgoblin.
The goblin shouts!
You block the hobgoblin's attack.
You slash the hobgoblin!
You kill the hobgoblin!
You block the goblin's attack.
You see here a hobgoblin corpse.
You closely miss the goblin. The goblin misses you.
The goblin hits you with a +0 dagger.
You closely miss the goblin. The goblin hits you with a +0 dagger.
You slash the goblin!
You kill the goblin!
No target in view!
No target in view!
No target in view!
You see here a +0 dagger.
Found a robe.
You see here a +0 robe.
Found a stone staircase leading up.
A ball python and a frilled lizard come into view.
The ball python hisses angrily.
The frilled lizard hisses angrily.
A dart slug comes into view.
You completely miss the ball python.
The ball python bites you but does no damage.
The ball python grabs you. The ball python constricts you.
The ball python closely misses you. The ball python constricts you.
You slash the ball python!
You kill the ball python!
The frilled lizard completely misses you.
The frilled lizard bites you.
You slash the frilled lizard!
You kill the frilled lizard!
The dart slug launches a dart at you. The slug dart hits you.
You slash the dart slug!
You kill the dart slug!
No target in view!
No target in view!
No target in view!
No target in view!
You see here a dart slug corpse.
You now have 133 gold pieces (gained 4).
There is an escape hatch in the floor here.
There is a stone staircase leading up here.
A bat comes into view.
The bat hits you but does no damage.
A bat is nearby!
The bat hits you.
You slash the bat!
You kill the bat!
No target in view!
No target in view!
No target in view!
No target in view!
No target in view!
You see here a bat corpse.
Found 2 poisoned darts.
l - a scroll labelled OXOKIDILLE
Found a club.
No target in view!
No target in view!
No target in view!
No target in view!
No target in view!
No target in view!
No target in view!
No target in view!
No target in view!
A kobold comes into view. It is wielding a +0 short sword.
A kobold is nearby!
A kobold is nearby!
The kobold throws a stone.
The stone misses you.
You closely miss the kobold. The kobold closely misses you.
You block the kobold's attack.
You slash the kobold!
You kill the kobold!
No target in view!
No target in view!
No target in view!
No target in view!
No target in view!
Things that are here:
a +0 short sword; 4 stones
Things that are here:
a +0 short sword; 4 stones Crazy Yiuf shouts!
Crazy Yiuf cries, "You leg down broken song, no?"
There is a stone staircase leading down here.
Key pressed, stopping explore.
There is a stone staircase leading down here.
Could not explore, unopened runed door.
No reachable target in view!
No reachable target in view!
No reachable target in view!
No reachable target in view!
No reachable target in view!
No reachable target in view!
No reachable target in view!
No reachable target in view!
No reachable target in view!
You open the door. You slash Crazy Yiuf!
Crazy Yiuf is poisoned.
Crazy Yiuf is moderately wounded.
Crazy Yiuf waves his quarterstaff at you.
You block Crazy Yiuf's attack.
You slash Crazy Yiuf!
Crazy Yiuf looks as sick as possible!
Crazy Yiuf is severely wounded.
You kill Crazy Yiuf!
You have reached level 4!
You feel stronger.
m - a +1 cloak
There is an open translucent door, spattered with blood here.
Things that are here:
a +3 quarterstaff of chaos; the gnoll corpse of Crazy Yiuf You start putting on your armour.
You continue putting on your +1 cloak. x4
You finish putting on your +1 cloak.
Done exploring.
Done exploring.
Done exploring.
(D) Dungeon
Where to? (Enter - D:2 @ (x,y), ? - help)
There is an open translucent door, spattered with blood here.
Things that are here:
a +3 quarterstaff of chaos; the gnoll corpse of Crazy Yiuf
There is a stone staircase leading down here.
You climb downwards.
There is a stone staircase leading up here.
A quokka is nearby!
A quokka is nearby!
A quokka is nearby!
A quokka is nearby!
The quokka bites you.
You hit the quokka.
The quokka is poisoned.
The quokka is almost dead.
You kill the quokka!
No target in view!
No target in view!
No target in view!
No target in view!
HP restored.
Found a stone staircase leading up.
An adder and 2 gnolls come into view.
Found Etotha Fouc's Magic Scroll Shop.
The gnoll shouts! x2
A gnoll comes into view. It is wielding a +0 club.
The adder moves out of view.
There are monsters nearby!
The gnoll misses you.
You closely miss the gnoll. The gnoll hits you but does no damage.
The adder hisses angrily.
You hit the gnoll.
The gnoll is poisoned.
The gnoll is moderately wounded.
The gnoll hits you but does no damage.
You hit the gnoll but do no damage.
The gnoll is moderately wounded.
You slash the gnoll!
You kill the gnoll!
The gnoll hits you with a +0 flail. You block the gnoll's attack.
The gnoll hits you with a +0 flail.
You barely miss the gnoll. The gnoll hits you with a +0 flail.
The gnoll hits you with a +0 club.
You are too injured to fight recklessly!
You are too injured to fight recklessly!
You are too injured to fight recklessly!
You are too injured to fight recklessly!
You are too injured to fight recklessly!
You are too injured to fight recklessly!
You are too injured to fight recklessly!
The gnoll attacks as you move away! The gnoll hits you with a +0 club.
* * * LOW HITPOINT WARNING * * *
The gnoll attacks as you move away! The gnoll hits you with a +0 flail.
* * * LOW HITPOINT WARNING * * *
You barely miss the gnoll. The gnoll hits you but does no damage.
You barely miss the gnoll. The gnoll hits you with a +0 flail!
* * * LOW HITPOINT WARNING * * *
The gnoll attacks as you move away! You block the gnoll's attack.
You closely miss the gnoll. The gnoll hits you with a +0 flail!
You die...

#.# #.##
#.###..# .
#......# .##
#.#.##.# ...
#.#....#
#.##.###..#
#.##....###..#
.............#
.......@###.####
.....#.#g..<...#
... #..S...##.#
. ###.#### # #.#
#.# #)......#
#..∩....#
#.##..#.#


You could see a gnoll and an adder.

Vanquished Creatures
  Crazy Yiuf (D:2)
  A gnoll (D:3)
  An adder (D:2)
  A worm (D:2)
  3 dart slugs
  4 ball pythons
  4 endoplasms
  A giant cockroach (D:1)
  3 goblins
  4 hobgoblins
  2 jackals (D:1)
  5 kobolds
  A quokka (D:3)
  4 bats
  2 frilled lizards
  2 rats (D:2)
39 creatures vanquished.

Notes
Turn   | Place    | Note
-------+----------+-------------------------------------------
     0 | D:1      | sleeves the Demonspawn Gladiator began the quest for the
                  | Orb.
     0 | D:1      | Reached XP level 1. HP: 16/16 MP: 1/1
    89 | D:1      | Reached skill level 3 in Long Blades
   142 | D:1      | Gained mutation: Your movements are slightly less
                  | encumbered by armour. (ER -2) [demonic ancestry]
   142 | D:1      | Reached XP level 2. HP: 22/22 MP: 2/2
   316 | D:1      | Found a faded altar of an unknown god.
   654 | D:2      | Reached XP level 3. HP: 27/27 MP: 3/3
   720 | D:2      | Identified the +5 long sword of Twisting Sudden Death
                  | {venom, rF+ rC- rCorr}
   745 | D:2      | Found a runed translucent door.
   820 | D:2      | Reached skill level 4 in Long Blades
  1258 | D:2      | Noticed Crazy Yiuf
  1337 | D:2      | Killed Crazy Yiuf
  1338 | D:2      | Reached XP level 4. HP: 33/33 MP: 4/4
  1402 | D:3      | Found Etotha Fouc's Magic Scroll Shop.
  1409 | D:3      | HP: 13/33 [gnoll/+0 club (6)]
  1413 | D:3      | HP: 3/33 [gnoll/+0 flail (8)]
  1416 | D:3      | Slain by a gnoll

Illustrated notes

Levels and vault maps discovered:
D:1:      dpeg_arrival_short_road, layout_rooms,
          chequers_ecumenical_altar_simple_redux
D:2:      layout_loops_ring, uniq_crazy_yiuf_cottage
D:3:      layout_loops_cross, fedhas_altar_2,
          nicolae_wu_jian_immortal_techniques, serial_shops, shop, uniq_terence

Skill      XL: |  1  2  3 |
---------------+----------+-----
Long Blades    | 3 4 |  4.8
Fighting       | |  2.0
Throwing       | |  1.7
Dodging        | |  2.6

Action                   |  1- 3 |  4- 6 || total
-------------------------+-------+-------++-------
Melee: Long sword        |    89 |     9 ||    98
Armor: Leather armour    |    28 |     3 ||    31
Dodge: Dodged            |    48 |     1 ||    49
Block: Buckler           |    10 |     2 ||    12

Table legend: (Time is in decaauts)
 A = Elapsed time spent in this place.
 B = Non-inter-level travel time spent in this place.
 C = Inter-level travel time spent in this place.
 D = Time resting spent in this place.
 E = Time spent auto-exploring this place.
 F = Levels seen in this place.
 G = Mean time per level.
                   A        B        C        D        E       F      G
               +--------+--------+--------+--------+--------+-----+--------+
         Total |   1439 |   1332 |    107 |      0 |   1075 |   3 |  479.7 |
       Dungeon |   1439 |   1332 |    107 |      0 |   1075 |   3 |  479.7 |
               +--------+--------+--------+--------+--------+-----+--------+

Top non-repeatable levels by time:
     D:2: 829 daAuts
     D:1: 554 daAuts
     D:3: 54 daAuts
